AoeStats
← Khirs

MegaRandom

506188508Analyzed
4v4 RM · 19d ago on Sep 12, 2026· 36m 28s· 8 players
Game mode
Random Map
Map size
Large (8 player)
Population
200
Speed
Normal
Resources
Standard
Victory
Conquest
Starting age
Dark Age
Ending age
Imperial Age
RankedLock teamsTeams togetherTeam positionsShared explorationLock speedFull tech treeHidden civsTurbo modeCheats
Victory
Defeat
🇲🇽 Goths · Mexico
860
+15
🇺🇸 Jurchens · United States
836
+16
🇪🇨 Bohemians · Ecuador
776
+19
🇹🇷 Britons · Türkiye
769
+20
🇫🇷 Franks · France
843
-18
🇫🇷 Mongols · France
843
-18
🇪🇸 Chinese · Spain
838
-17
🇮🇳 Tatars · India
836
-17
Khirs
0:38 Loom
11:42 Feudal Age
12:27 Horse Collar
12:37 Double-Bit Axe
20:17 Castle Age
18:38 Man-at-Arms
19:14 Fletching
20:43 Padded Archer Armor
20:45 Gold Mining
21:17 Heavy Plow
21:33 Bow Saw
22:52 Gold Shaft Mining
24:37 Elite Skirmisher
26:02 Pikeman
27:53 Bodkin Arrow
28:58 Leather Archer Armor
29:15 Ballistics
30:34 Forging
32:03 Scale Mail Armor
TheSoldier_
11:34 Feudal Age
12:14 Double-Bit Axe
19:15 Castle Age
20:48 Loom
23:57 Bow Saw
26:27 Gold Mining
33:05 Gold Shaft Mining
hyoshimi
10:05 Loom
12:18 Feudal Age
14:09 Wheelbarrow
13:20 Horse Collar
21:31 Castle Age
22:13 Heavy Plow
22:00 Double-Bit Axe
23:22 Forging
23:42 Padded Archer Armor
24:06 Bow Saw
26:16 Hand Cart
26:02 Gold Mining
30:05 Gold Shaft Mining
31:00 Iron Casting
30:26 Scale Mail Armor
30:16 Town Watch
31:30 Husbandry
31:42 Bloodlines
31:50 Bloodlines
34:32 Town Patrol
kailashsaravanaraj
5:30 Loom
11:42 Feudal Age
13:57 Wheelbarrow
16:02 Castle Age
16:11 Double-Bit Axe
16:09 Horse Collar
24:50 Hand Cart
27:42 Gold Mining
32:46 Imperial Age
32:01 Husbandry
32:12 Bloodlines
35:23 Conscription
35:20 Forging
36:04 Scale Barding Armor
ImZeussX
0:38 Loom
11:44 Feudal Age
12:43 Horse Collar
12:51 Double-Bit Axe
14:04 Gold Mining
16:15 Town Watch
17:05 Wheelbarrow
23:35 Castle Age
21:49 Padded Archer Armor
21:39 Fletching
22:00 Forging
21:50 Scale Mail Armor
24:27 Bow Saw
24:22 Heavy Plow
25:35 Gold Shaft Mining
24:39 Pikeman
24:41 Crossbowman
27:31 Leather Archer Armor
30:51 Hand Cart
32:36 Town Patrol
37:07 Imperial Age
34:34 Bodkin Arrow
37:15 Chain Mail Armor
37:36 Iron Casting
JoseRegens
1:25 Loom
11:32 Feudal Age
13:26 Double-Bit Axe
21:48 Castle Age
22:00 Castle Age
20:06 Horse Collar
20:20 Gold Mining
21:14 Fletching
21:51 Padded Archer Armor
23:21 Heavy Plow
23:33 Bow Saw
26:00 Wheelbarrow
25:21 Town Watch
25:34 Bodkin Arrow
28:51 Hand Cart
37:08 Ballistics
periquin_182
2:56 Loom
10:22 Feudal Age
10:42 Feudal Age
11:16 Double-Bit Axe
17:35 Castle Age
17:05 Man-at-Arms
17:49 Scale Mail Armor
20:13 Forging
20:58 Wheelbarrow
23:32 Gold Mining
24:10 Pikeman
DolphinMan
9:08 Loom
11:36 Feudal Age
16:44 Castle Age
15:40 Double-Bit Axe
15:40 Horse Collar
17:48 Bow Saw
19:33 Heavy Plow
19:53 Town Watch
23:19 Padded Archer Armor
24:37 Chemistry
26:39 Wheelbarrow
26:09 Town Patrol
29:45 Imperial Age
29:23 Hand Cart
31:50 Houfnice
33:30 Ballistics
Connection lost

Rejoining the realm…

Still unreachable

The connection could not be restored.

Session expired

The server has moved on; the page needs a fresh start.